 Dungeon Crawl Stone Soup version 0.28.0-53-g5a82cb258f (webtiles) character file.

Game seed: 9549074448820288544

43 NinjaNoafa the Gusty (level 3, 0/26 HPs)
             Began as a Draconian Air Elementalist on June 1, 2022.
             Slain by a scorpion (4 damage)
             ... on level 2 of the Dungeon.
             The game lasted 00:03:29 (1382 turns).

NinjaNoafa the Gusty (Draconian Air Elementalist)   Turns: 1382, Time: 00:03:31

Health: 0/26       AC:  5    Str: 10    XL:     3   Next: 37%
Magic:  0/6        EV: 12    Int: 17    God:
Gold:   10         SH:  0    Dex: 11    Spells: 5/6 levels left

rFire   x . .      SeeInvis .   b - +0 dagger
rCold   + . .      Faith    .   (no shield)
rNeg    . . .      Spirit   .   (armour unavailable)
rPois   .          Reflect  .   (helmet restricted)
rElec   .          Harm     .   (no cloak)
rCorr   .          Rampage  .   (no gloves)
Will    .....                   (no boots)
Stlth   ++........              (no amulet)
HPRegen 0.08/turn               e - ring of ice
MPRegen 0.10/turn               (no ring)

@: lethally poisoned (0 -> -28), about to teleport
A: AC +5, unfitting armour, cold-blooded
a: no special abilities


You were on level 2 of the Dungeon.
You visited 1 branch of the dungeon, and saw 2 of its levels.

You collected 10 gold pieces.

Inventory:

Hand Weapons
 b - a +0 dagger (weapon)
Missiles
 d - 37 stones
Jewellery
 e - a ring of ice (left hand)


   Skills:
 - Level 1.7 Dodging
 - Level 1.7 Stealth
 + Level 2.3 Spellcasting
 * Level 2.2 Conjurations
 * Level 3.6 Air Magic


You had 5 spell levels left.
You knew the following spells:

 Your Spells              Type           Power      Damage    Failure   Level
a - Shock                 Conj/Air       48%        1d6       5%          1

Your spell library contained the following spells:

 Spells                   Type           Power      Damage    Failure   Level
 Static Discharge         Conj/Air       12%        N/A       9%          2
 Swiftness                Air            14%        N/A       12%         3
 Airstrike                Air            7%         N/A       38%         4


Dungeon Overview and Level Annotations

Branches:
Dungeon (2/15)

Altars:


Innate Abilities, Weirdness & Mutations

Your plain brown scales are hard. (AC +5)
You cannot fit into any form of body armour.
You are cold-blooded and may be slowed by cold attacks.


Message History

Confirm with . or Enter, or press ? or * to list all spells.
Aiming: Shock (safe; 6% risk of failure)
Press: ? - help, Shift-Dir - straight line, f/p - orc
Aim: an orc, wielding a +0 club and wearing a +0 scale mail (heavily wounded, 72% to hit)
The zap hits the orc.
You kill the orc!
The zap hits the orc.
The orc is moderately wounded.
The zap hits the orc.
You kill the orc!
The scorpion stings you.
Your magical contamination has completely faded away.
It was a potion of heal wounds.
You feel much better. The scorpion stings you.
As you read the scroll labelled ZONO BOFY OSI, it crumbles to dust.
It is a scroll of enchant armour.
You aren't carrying any armour which can be enchanted further.
The scorpion barely misses you.
As you read the scroll labelled PEZILI JIARCHUN, it crumbles to dust.
You feel strangely unstable.
It was a scroll of teleportation.
The scorpion stings you.
You are poisoned.
The scorpion poisons you! The orc closely misses you.
You closely miss the orc.
The orc is moderately wounded.
You feel sick. The scorpion stings you.
You are lethally poisoned!
The scorpion poisons you! The scorpion stings you.
You are more poisoned.
The scorpion poisons you!
You aren't carrying any scrolls.
Casting: Shock (safe; 5% risk of failure)
Confirm with . or Enter, or press ? or * to list all spells.
Aiming: Shock (safe; 5% risk of failure)
Press: ? - help, Shift-Dir - straight line, f - scorpion
Aim: a scorpion (68% to hit)
The zap hits the scorpion but does no damage.
* * * LOW HITPOINT WARNING * * *
You feel extremely sick. The scorpion stings you.
You die...

#..#.. .... ..#.#
..... ###.#.## .....
...... ......
######...##......
.......oo........ .
#..<.......
....########..#.......
.......@)oo))....>....
......s#######.##.####
......l ..#.# .......
..# # )...... ..#
#####.. ... #.. .. #..


You could see a scorpion, 2 orcs and a frilled lizard.

Vanquished Creatures
  2 dart slugs (D:1)
  2 orcs (D:2)
  A bat (D:1)
  4 endoplasms
  3 giant cockroaches (D:1)
  5 goblins (D:1)
  3 hobgoblins (D:1)
  2 quokkas (D:1)
  3 ball pythons (D:1)
  4 kobolds
  2 rats (D:1)
31 creatures vanquished.

Notes
Turn   | Place    | Note
-------+----------+-------------------------------------------
     0 | D:1      | NinjaNoafa the Draconian Air Elementalist began the quest
                  | for the Orb.
     0 | D:1      | Reached XP level 1. HP: 14/14 MP: 3/3
   202 | D:1      | Reached XP level 2. HP: 20/20 MP: 0/5
   698 | D:1      | Reached XP level 3. HP: 24/26 MP: 0/6
  1376 | D:2      | Noticed a scorpion
  1382 | D:2      | Slain by a scorpion

Illustrated notes

Levels and vault maps discovered:
D:1:      dpeg_arrival_circle_labyrinth_c, layout_basic
D:2:      layout_basic, uniq_natasha

Skill      XL: |  1  2 |
---------------+-------+-----
Conjurations   | 2 |  2.2
Dodging        | |  1.7
Stealth        | |  1.7
Spellcasting   | |  2.3
Air Magic      | |  3.6

Action                   || total
-------------------------++-------
Melee: Unarmed           ||     9
       Dagger            ||    21
       Tailslap          ||     4
 Cast: Shock             ||    57
  Use: Scroll            ||     2
       Potion            ||     1
 Stab: Sleeping          ||     1
Armor: Skin              ||    15
Dodge: Dodged            ||    30
